 Dungeon Crawl Stone Soup version 0.30-b1-2-g02819fbbbe (webtiles) character file.

Game seed: 17617562759602432012

(classic levelgen) 406 EnegeticOcto the Chopper (level 6, -5/56 HPs)
             Began as a Minotaur Fighter on May 8, 2023.
             Was an Initiate of Ru.
             Slain by a gnoll
             ... wielding a +0 halberd
             ... led by a gnoll bouda
              (11 damage)
             ... on level 4 of the Dungeon.
             The game lasted 00:01:44 (3077 turns).

EnegeticOcto the Chopper (Minotaur Fighter)         Turns: 3077, Time: 00:01:45

Health: -5/56      AC:  7    Str: 23    XL:     6   Next: 56%
Magic:  5/5        EV:  9    Int:  5    God:    Ru [......]
Gold:   151        SH:  0    Dex:  9    Spells: 5/5 levels left

rFire   . . .        a - +0 war axe
rCold   . . .        c - +0 buckler
rNeg    . . .        b - +0 scale mail
rPois   .            (helmet restricted)
rElec   .            (no cloak)
rCorr   .            (no gloves)
SInv    .            (no boots)
Will    .....        (no amulet) Stlth
                     (no ring)
HPRegen 0.29/turn    (no ring)
MPRegen 0.09/turn

%: no passive effects
@: confused, ambrosia-drunk, weakened
A: horns 2, retaliatory headbutt
a: Renounce Religion


You were on level 4 of the Dungeon.
You worshipped Ru.
Ru was noncommittal.
You visited 1 branch of the dungeon, and saw 4 of its levels.

You collected 151 gold pieces.

Inventory:

Hand Weapons
 a - a +0 war axe (weapon)
Armour
 b - a +0 scale mail (worn)
 c - a +0 buckler (worn)
Jewellery
 k - a +6 ring of intelligence
   (You found it on level 4 of the Dungeon)
 m - a +5 ring of evasion
   (You found it on level 2 of the Dungeon)
Scrolls
 g - 2 scrolls of teleportation {@r3}
 j - a scroll of torment {unknown}
 l - 2 scrolls of poison
 n - a scroll of enchant armour {unknown}
Potions
 d - a potion of might {@q3}
 h - a potion of lignification {unknown}
 i - a potion of brilliance {unknown}


   Skills:
 + Level 5.1 Fighting
 * Level 5.6 Axes
 + Level 5.1 Armour
 + Level 5.1 Shields


You had 5 spell levels left.
You didn't know any spells.
Your spell library was empty.

Dungeon Overview and Level Annotations

Branches:
Dungeon (4/15)
 Temple: D:4-7

Altars:
Dithmenos
Kikubaaqudgha
Ru
Xom

Shops:
D:2 [?   D:3 (


Innate Abilities, Weirdness & Mutations

You have a pair of horns on your head.
You reflexively headbutt those who attack you in melee.


Message History

You slash the hound!
The hound is severely wounded.
The hound closely misses you. You furiously retaliate!
You headbutt the hound.
You kill the hound!
No target in view!
You see here a hound corpse.
Found a stone staircase leading up.
You now have 131 gold pieces (gained 13).
You now have 151 gold pieces (gained 20).
i - a clear potion The gnoll shouts! x2
There are monsters nearby!
There are monsters nearby!
The gnoll shouts!
The gnoll shouts! x2
The gnoll bouda shouts!
The gnoll bouda barks out a call to the hunt!
The gnolls pick up the pace!
The gnoll hits you with a +0 spear.
You hit the gnoll.
The gnoll is lightly wounded.
You completely miss the gnoll. You hit the plant.
The plant begins to die.
The gnoll hits you with a +0 club. The gnoll hits you but does no damage.
The gnoll hits you with a +0 spear.
You closely miss the gnoll. Your headbutt misses the gnoll.
The gnoll is lightly wounded.
You hit the plant but do no damage. You hit the gnoll but do no damage.
You block the gnoll's attack. The gnoll closely misses you.
The gnoll hits you but does no damage. You block the gnoll's attack.
The gnoll hits you but does no damage. The gnoll closely misses you.
The gnoll hits you but does no damage. The gnoll misses you.
You hit the gnoll but do no damage. Your headbutt misses the gnoll.
You closely miss the gnoll. You hit the plant. The gnoll misses you.
The gnoll barely misses you. You furiously retaliate!
You headbutt the gnoll! The gnoll closely misses you.
You block the gnoll's attack.
You slash the gnoll!
You kill the gnoll!
You slash the plant! You closely miss the gnoll.
A nearby plant withers and dies.
You block the gnoll's attack. The gnoll barely misses you.
The gnoll hits you with a +0 club. The gnoll barely misses you.
You hit the gnoll bouda.
The gnoll bouda is moderately wounded.
You hit the gnoll. The gnoll closely misses you.
The gnoll hits you but does no damage.
The gnoll bouda gazes fiercely through you!
You feel your attacks grow feeble.
The gnoll bouda hits you with a +0 club.
The gnoll closely misses you.
The gnoll hits you from afar with a +0 spear.
You hit the gnoll bouda but do no damage.
The gnoll bouda is moderately wounded.
You barely miss the gnoll. The gnoll completely misses you.
You furiously retaliate!
You headbutt the gnoll! The gnoll hits you but does no damage.
You block the gnoll's attack. The gnoll closely misses you.
The gnoll hits you from afar with a +0 halberd!
You are too injured to fight recklessly!
You are too injured to fight recklessly!
You are too injured to fight recklessly!
You are too injured to fight recklessly!
You are too injured to fight recklessly!
You are too injured to fight recklessly!
You are too injured to fight recklessly!
You are too injured to fight recklessly!
You are too injured to fight recklessly!
You are too injured to fight recklessly!
The gnoll barely misses you. The gnoll hits you with a +0 spear.
The gnoll hits you with a +0 club.
* * * LOW HITPOINT WARNING * * *
The gnoll hits you with a +0 halberd!
* * * LOW HITPOINT WARNING * * *
Things that are here:
a +0 spear; a gnoll corpse It was a potion of heal wounds.
You feel much better.
The gnoll bouda calls upon its god to heal the gnoll.
The gnoll is healed somewhat.
You block the gnoll's attack. The gnoll closely misses you.
The gnoll hits you with a +0 club. The gnoll hits you with a +0 halberd!
You barely miss the gnoll.
You headbutt the gnoll, but do no damage.
You hit the gnoll but do no damage.
You hit the gnoll bouda but do no damage.
You closely miss the gnoll. You slash the gnoll!
The gnoll bouda hits you with a +0 club.
* * * LOW HITPOINT WARNING * * *
The gnoll hits you with a +0 halberd.
* * * LOW HITPOINT WARNING * * *
The gnoll barely misses you. You furiously retaliate!
You headbutt the gnoll. The gnoll hits you with a +0 club.
* * * LOW HITPOINT WARNING * * *
The gnoll hits you but does no damage.
The gnoll bouda calls upon its god to heal the gnoll.
The gnoll's wounds heal themselves!
You are confused.
You feel invigorated. The gnoll hits you but does no damage.
The gnoll barely misses you. The gnoll hits you with a +0 club.
* * * LOW HITPOINT WARNING * * *
The gnoll hits you with a +0 halberd!
You die... #...# ####.#### #...# #........ #.#####...#######.....#.# #......).....).##.....#.# .....<................#.. #..............##.....#.. ..#####...#######........ #ggg#

###.#.... #.@g#
#.###..
#.g.#######
#......
#.#..#....#
#......
#####.P##...#
#.#####
####..#_...#...#
#.##...
#.....P....#...#
#....##
#.#...#_.⌠.....#
#.#####
#.#.#....P.#.#.#
#.#####
#......_P..#.#.#
#......


You could see a gnoll bouda and 4 gnolls.

Vanquished Creatures
  A black bear (D:4)
  A scorpion (D:4)
  A hound (D:4)
  A jelly (D:4)
  An iguana (D:4)
  5 gnolls
  5 adders
  2 worms (D:2)
  2 dart slugs (D:3)
  An orc (D:3)
  6 ball pythons
  7 bats
  9 endoplasms
  A giant cockroach (D:3)
  9 goblins
  3 hobgoblins
  7 jackals (D:1)
  2 quokkas
  A frilled lizard (D:3)
  A kobold (D:3)
  5 rats
71 creatures vanquished.

Vanquished Creatures (others)
  A plant (D:4)
1 creature vanquished.

Grand Total: 72 creatures vanquished

Notes
Turn   | Place    | Note
-------+----------+-------------------------------------------
     0 | D:1      | EnegeticOcto the Minotaur Fighter began the quest for the
                  | Orb.
     0 | D:1      | Reached XP level 1. HP: 19/19 MP: 0/0
    88 | D:1      | Reached XP level 2. HP: 13/27 MP: 1/1
   293 | D:1      | Found a faded altar of an unknown god.
   558 | D:1      | Reached XP level 3. HP: 28/33 MP: 2/2
  1131 | D:2      | Found Uffienoc's Armour Shoppe.
  1319 | D:2      | Found Panici's Magic Scroll Emporium.
  1660 | D:3      | Reached XP level 4. HP: 40/40 MP: 3/3
  1755 | D:3      | Found a shadowy altar of Dithmenos.
  2052 | D:3      | Found Iloceel's Antique Weapon Shop.
  2063 | D:3      | Reached XP level 5. HP: 43/47 MP: 4/4
  2614 | D:4      | Reached skill level 5 in Axes
  2900 | D:4      | Found an ancient bone altar of Kikubaaqudgha.
  2901 | D:4      | Found a sacrificial altar of Ru.
  2903 | D:4      | Found a shimmering altar of Xom.
  2909 | D:4      | Noticed a black bear
  2911 | D:4      | Became a worshipper of Ru the Awakened
  2918 | D:4      | Reached XP level 6. HP: 45/55 MP: 5/5
  2922 | D:4      | Reached skill level 5 in Fighting
  2922 | D:4      | Reached skill level 5 in Armour
  2922 | D:4      | Reached skill level 5 in Shields
  3077 | D:4      | Slain by a gnoll

Illustrated notes

Levels and vault maps discovered:
D:1:      wander_arrival_estate, layout_loops_ring,
          ebering_ecumenical_altar_petrified, serial_rivers,
          chequers_serial_rivers_small_a, chequers_serial_rivers_large_b,
          chequers_serial_rivers_small_b, chequers_serial_rivers_marsh,
          chequers_serial_rivers_micro_d, serial_park_tiny_2, minmay_vboxes
D:2:      layout_loops_ring, serial_shops, shop, nicolae_shop_rolled_up
D:3:      layout_basic, grunt_dithmenos_smoke, serial_shops,
          nicolae_diamond_shop
D:4:      minmay_wonky_spiral, layout_loops_cross,
          gammafunk_temple_overflow_forgotten, serial_shops, shop

Skill      XL: |  1  2  3  4  5  6 |
---------------+-------------------+-----
Axes           | 3 4 5 |  5.6
Shields        | 4 5 |  5.1
Fighting       | 4 5 |  5.1
Armour         | 4 5 |  5.1

Action                     |  1- 3 |  4- 6 || total
---------------------------+-------+-------++-------
  Melee: War axe           |    72 |    95 ||   167
         Headbutt          |    12 |    10 ||    22
    Use: Scroll            |       |     7 ||     7
         Potion            |       |     2 ||     2
 Armour: Scale mail        |    36 |    52 ||    88
  Dodge: Dodged            |    34 |    57 ||    91
  Block: Buckler           |    21 |    29 ||    50
